 Dungeon Crawl Stone Soup version 0.29.0-4-gdea44cf6ec (webtiles) character file.

Game seed: 1041833821264063725

37 qw the Chopper (level 3, -5/29 HPs)
             Began as a Formicid Cinder Acolyte on Sept 4, 2022.
             Was an Elder of Ignis.
             Slain by Terence
             ... wielding a +0 mace
              (7 damage)
             ... on level 2 of the Dungeon.
             The game lasted 00:00:24 (1162 turns).

qw the Chopper (Formicid Cinder Acolyte)            Turns: 1162, Time: 00:00:25

Health: -5/29      AC: 12    Str: 20    XL:     3   Next: 62%
Magic:  4/4        EV: 10    Int: 13    God:    Ignis [****..]
Gold:   62         SH:  0    Dex:  9    Spells: 4/4 levels left

rFire   + . .      SeeInvis +   Y - -1 hand axe (flame)
rCold   . . .      Faith    .   (no shield)
rNeg    . . .      Spirit   .   g - +0 ring mail
rPois   .          Reflect  .   (helmet unavailable)
rElec   .          Harm     .   (no cloak)
rCorr   .          Rampage  .   (no gloves)
Will    .....                   (no boots)
Stlth   ..........              (no amulet)
HPRegen 0.09/turn               (no ring)
MPRegen 0.09/turn               (no ring)

@: lethally poisoned (-5 -> -11), fiery-armoured
A: permanent stasis, dig shafts and tunnels, antennae 3, four strong arms
a: Dig, Shaft Self, Renounce Religion, Fiery Armour, Foxfire Swarm, Rising Flame


You were on level 2 of the Dungeon.
You worshipped Ignis.
Ignis was greatly pleased with you.
You visited 1 branch of the dungeon, and saw 2 of its levels.

You collected 62 gold pieces.


Innate Abilities, Weirdness & Mutations

You cannot be hasted, slowed, berserked, paralysed or teleported.
You can dig through walls and to a lower floor.
You have a pair of large antennae on your head. (SInv)
Your four strong arms can wield two-handed weapons with a shield.


   Skills:
 - Level 3.2 Fighting
 + Level 4.1 Axes
 - Level 1.1 Armour
 - Level 0.2 Dodging
 - Level 1.1 Spellcasting
 - Level 3.0 Fire Magic


You had 4 spell levels left.
You didn't know any spells.
Your spell library contained the following spells:

 Spells                   Type           Power      Damage    Failure   Level
 Scorch                   Fire           16%        2d6       21%         2

Inventory:

Hand Weapons
 Y - a -1 hand axe of flaming (weapon)
Missiles
 a - 5 boomerangs (quivered)
Armour
 g - a +0 ring mail (worn)
Jewellery
 b - a ring of flight
Scrolls
 e - a scroll of identify
 f - a scroll of teleportation
Potions
 i - a potion of curing {unknown}

Dungeon Overview and Level Annotations

Branches:
Dungeon (2/15)

Altars:

Annotations:
D:2 Terence


Message History

1153 ||| Stepping ~*~*~tactically~*~*~ (stealth).
The adder hisses angrily.
You closely miss Terence. Terence hits you with a +0 mace.
You hit the adder. You burn the adder.
The adder is lightly wounded.
You hit Terence. You burn Terence. The adder bites you but does no damage.
Terence barely misses you.
You barely miss the adder.
The adder is lightly wounded.
You hit Terence. You burn Terence. The adder bites you.
You are poisoned.
The adder poisons you! Terence completely misses you.
The adder closely misses you.
You barely miss Terence.
Terence is moderately wounded.
You closely miss the kobold. You hit the adder but do no damage.
You feel sick. The adder bites you but does no damage.
Terence barely misses you. The kobold hits you with a +0 dagger.
You hit Terence. You burn Terence.
Terence is heavily wounded.
You hit the adder. You burn the adder. You closely miss the kobold.
You feel sick. The adder bites you.
You are more poisoned.
The adder poisons you! Terence hits you with a +0 mace.
The kobold completely misses you. The adder bites you.
1161 ||| INVOKING Fiery Armour.
A protective cloak of flame settles atop you.
You feel sick. Terence hits you with a +0 mace.
Terence is burned by your cloak of flames.
Terence is severely wounded.
The kobold closely misses you. The adder bites you but does no damage.
The adder is burned by your cloak of flames.
The adder is severely wounded.
You slash the adder! You burn the adder.
You kill the adder!
You hit the kobold. You burn the kobold. You barely miss Terence.
You feel sick. Terence hits you with a +0 mace!
You die...

.......# ##........
.......#####......(....#
...................$....
............###....#..#
.........#..##.....#...#
........................
........#..........#....
........##.###>[K%....#
####.##.##.# #..@@#....
#...#..##.##...#.# .K
#.##..###.....##.#
##.##.###.....###..
#.........#..# ##.#
..?###.#....# ..
...%#.......# ...
.......#..... .#.
....#.##....# ####


You could see Terence and a kobold.

Vanquished Creatures
  2 adders (D:2)
  A worm (D:2)
  2 endoplasms
  2 giant cockroaches (D:1)
  3 hobgoblins (D:1)
  3 ball pythons (D:1)
  7 bats
  A frilled lizard (D:1)
  2 kobolds (D:1)
  5 rats (D:1)
28 creatures vanquished.

Notes
Turn   | Place    | Note
-------+----------+-------------------------------------------
     0 | D:1      | qw the Formicid Cinder Acolyte began the quest for the Orb.
     0 | D:1      | Reached XP level 1. HP: 18/18 MP: 2/2
     0 | D:1      | 0 ||| qw: Version: 0.1-a-102-g441f92d
     0 | D:1      | 0 ||| qw: Game counter: 5363
     0 | D:1      | 0 ||| qw: Always use a shield: true
     0 | D:1      | 0 ||| qw: God list: Okawaru
     0 | D:1      | 0 ||| qw: Allow faded altars: false
     0 | D:1      | 0 ||| qw: Do Orc after D:15 true
     0 | D:1      | 0 ||| qw: Do second Lair branch before Depths: true
     0 | D:1      | 0 ||| qw: Lair rune preference: random
     0 | D:1      | 0 ||| qw: Plans: Normal
     0 | D:1      | 0 ||| PLANNING D:1-11
    37 | D:1      | 37 ||| Stepping ~*~*~tactically~*~*~ (stealth).
    45 | D:1      | 45 ||| INVOKING Fiery Armour.
   241 | D:1      | Reached XP level 2. HP: 24/24 MP: 3/3
   366 | D:1      | Found a faded altar of an unknown god.
   433 | D:1      | 433 ||| Stepping ~*~*~tactically~*~*~ (stealth).
   434 | D:1      | 434 ||| Stepping ~*~*~tactically~*~*~ (stealth).
   444 | D:1      | 444 ||| INVOKING Fiery Armour.
   695 | D:1      | 695 ||| INVOKING Fiery Armour.
   696 | D:1      | Reached skill level 4 in Axes
   696 | D:1      | Reached XP level 3. HP: 13/29 MP: 4/4
   965 | D:1      | 965 ||| UPGRADING to +0 ring mail.
   975 | D:1      | 975 ||| DROPPING +0 robe.
   976 | D:1      | 976 ||| READING scroll labelled QUOS WOUZA.
   977 | D:1      | 977 ||| READING 2 scrolls labelled MOELIM AREG.
   978 | D:1      | 978 ||| READING 2 scrolls labelled WOUPNI FENU.
   979 | D:1      | 979 ||| READING scroll labelled HIGEUS IWNEBB.
   980 | D:1      | 980 ||| DRINKING 2 ruby potions.
  1001 | D:1      | 1001 ||| DROPPING potion of lignification.
  1048 | D:2      | Reached skill level 1 in Armour
  1151 | D:2      | Identified the +3 leather armour of Ennui {rC++ Str-4 Int+4
                  | Slay+3}
  1151 | D:2      | Noticed Terence
  1152 | D:2      | 1152 ||| Stepping ~*~*~tactically~*~*~ (stealth).
  1153 | D:2      | 1153 ||| Stepping ~*~*~tactically~*~*~ (stealth).
  1161 | D:2      | 1161 ||| INVOKING Fiery Armour.
  1161 | D:2      | HP: 6/29 [poisoned by an adder]
  1162 | D:2      | HP: 2/29 [poisoned by an adder]
  1162 | D:2      | Slain by Terence

Levels and vault maps discovered:
D:1:      dpeg_arrival_tiny_c, layout_basic,
          ebering_ecumenical_altar_sacrificial, serial_park_tiny_2
D:2:      layout_rooms, uniq_terence

Skill      XL: |  1  2  3 |
---------------+----------+-----
Axes           | 4 |  4.1
Armour         | 1 |  1.1
Fighting       | |  3.2
Dodging        | |  0.2
Spellcasting   | |  1.1
Fire Magic     | |  3.0

Action                   || total
-------------------------++-------
Melee: Hand axe          ||    78
       Punch             ||     1
Throw: Boomerang         ||     7
Invok: Fiery Armour      ||     4
  Use: Scroll            ||     4
       Potion            ||     1
Armor: Robe              ||    22
       Ring mail         ||     5
Dodge: Dodged            ||    51

Table legend:
 A = Non-vault XP
 B = Vault XP
 C = Vault XP percentage of total XP
 D = Non-vault monster count
 E = Vault monster count
 F = Vault count percentage of total count
                 A         B        C        D         E       F
            +---------+---------+-------+---------+---------+-------
      Total |      67 |       0 |   0.0 |      28 |       0 |   0.0
            +---------+---------+-------+---------+---------+-------
        D:1 |      33 |       0 |   0.0 |      23 |       0 |   0.0
        D:2 |      34 |       0 |   0.0 |       5 |       0 |   0.0
            +---------+---------+-------+---------+---------+-------
